 Dungeon Crawl Stone Soup version 0.19.5 (webtiles) character file.

46 VinsantI the Skirmisher (level 3, -3/24 HPs)
             Began as a Gargoyle Monk on Mar 24, 2017.
             Shot with an arrow by a centaur (4 damage)
             ... on level 4 of the Dungeon.
             The game lasted 00:14:42 (1239 turns).

VinsantI the Skirmisher (Gargoyle Monk)             Turns: 1239, Time: 00:14:42

Health: -3/24      AC:  6    Str: 15    XL:     3   Next: 68%
Magic:  3/3        EV: 12    Int: 10    God:
Gold:   80         SH:  0    Dex: 12    Spells: 0 memorised, 2 levels left

rFire  + . .     SeeInvis .     a - +0 mace
rCold  x . .     Gourm    .     g - +0 leather armour
rNeg   + . .     Faith    .     (no shield)
rPois  ∞         Spirit   .     (no helmet)
rElec  +         Reflect  .     (no cloak)
rCorr  .         Harm     .     (no gloves)
MR     .....                    (no boots)
Stlth  ++........               (no amulet)
                                y - ring of fire
                                s - ring of wizardry

@: no status effects
A: negative energy resistance 1, electricity resistance, unbreathing,
petrification resistance, rot immunity, AC +3
a: no special abilities


You were on level 4 of the Dungeon.
You were not hungry.

You visited 1 branch of the dungeon, and saw 4 of its levels.

You collected 80 gold pieces.

Inventory:

Hand Weapons
 a - a +0 mace (weapon)
 d - a +0 dagger
 e - a +0 club
 h - a +0 dagger
 i - a +0 club
 k - a +0 mace
 l - a +0 dagger
 o - a +0 club
 u - a +0 dagger
 v - a +0 long sword
Missiles
 f - 50 arrows
 j - 11 bolts
Armour
 b - a +0 robe
 g - a +0 leather armour (worn)
 p - a +0 cloak
 r - a +0 robe
 t - a +0 leather armour
Jewellery
 s - a ring of wizardry (left hand)
 y - a ring of fire (right hand)
Scrolls
 n - a scroll of random uselessness
 q - 2 scrolls of remove curse {unknown}
Potions
 m - a potion of resistance {unknown}
 w - a potion of flight {unknown}
Comestibles
 c - a bread ration
 x - a beef jerky


   Skills:
 + Level 3.7 Fighting
 + Level 3.5 Maces & Flails
 + Level 0.9 Armour
 + Level 2.7 Dodging
 + Level 2.5 Stealth


You had 2 spell levels left.
You didn't know any spells.

Dungeon Overview and Level Annotations

Branches:
Dungeon (4/15)
 Temple: D:4-7

Altars:

Annotations:
D:3 Grinder


Innate Abilities, Weirdness & Mutations

You are resistant to torment.
Your stone body is resilient. (AC +3)
You are immune to poison.
You resist negative energy. (rN+)
You are resistant to electric shocks. (rElec)
You can survive without breathing.
You are immune to petrification.
You are immune to rotting.


Message History

The centaur shoots an arrow.
The arrow hits you but does no damage.
The centaur shoots an arrow.
The arrow hits you.
You see here 3 arrows.
f - 50 arrows (gained 3)
The centaur shoots an arrow.
The arrow hits you.
You barely miss the centaur.
The centaur unwields an uncursed shortbow.
The centaur barely misses you.
The centaur hits you but does no damage.
You closely miss the centaur. The centaur misses you. The centaur hits you.
You closely miss the centaur. The centaur hits you.
As you read the scroll labeled QUNTUMPAYKO, it crumbles to dust.
It is a scroll of identify.
n - a scroll of random uselessness The centaur hits you!
* * * LOW HITPOINT WARNING * * *
The centaur hits you but does no damage.
The centaur wields an uncursed shortbow.
The centaur shoots an arrow.
The arrow hits you.
You die...

............#
#...........# #.#
#........###### #.#
#.............# #.#
#.............# #c#
#.............# #.#
####+###......# #.#
####.###......#####.#
................@.c.#
####.#####.....######
#.# #.###.# #.# #.#
#.# #.# #.# #.# #.#
#.# #.# #.# #.# #..
#.# #.# ###


You could see a centaur.

Vanquished Creatures
  A centaur skeleton (D:4)
  An adder (D:2)
  A giant cockroach (D:1)
  3 goblins
  2 hobgoblins
  2 kobolds (D:1)
  A rat (D:1)
11 creatures vanquished.

Notes
Turn   | Place    | Note
-------+----------+-------------------------------------------
     0 | D:1      | VinsantI the Gargoyle Monk began the quest for the Orb.
     0 | D:1      | Reached XP level 1. HP: 14/14 MP: 1/1
   268 | D:1      | Reached XP level 2. HP: 19/19 MP: 2/2
   647 | D:3      | Noticed Grinder
   951 | D:4      | Reached XP level 3. HP: 8/24 MP: 3/3
  1227 | D:4      | Noticed a centaur
  1238 | D:4      | HP: 1/24 [centaur (7)]
  1239 | D:4      | Shot with an arrow by a centaur

Action                   || total
-------------------------++-------
Melee: Mace              ||    36
  Use: Scroll            ||     2
       Potion            ||     1
 Stab: Sleeping          ||     2
  Eat: Bread ration      ||     1
Armor: Leather armour    ||    15
       Robe              ||     2
Dodge: Dodged            ||    28
